[Event "Kathmandu Open 2018"]
[Site "Kathmandu"]
[Date "2018.04.15"]
[Round "7"]
[White "Bhagyashree Patil"]
[Black "Srijit Paul"]
[Result "0-1"]
[ECO "B03"]
[WhiteElo "1734"]
[BlackElo "2351"]
[Annotator "NA"]
[PlyCount "94"]
[EventDate "2018.??.??"]
[EventType "swiss"]
[EventCountry "NEP"]
[SourceTitle "playchess.com"]
[Source "ChessBase"]
[SourceQuality "1"]
[TimeControl "5400+30"]

1. e4 Nf6 2. e5 Nd5 3. d4 Nb6 4. c4 d6 5. exd6 exd6 6. Bd3 Nc6 7. Ne2 Nb4 {B03: Alekhine's Defence: Four Pawns Attack} (7... g6 8. Nbc3 Bg7 9. Be3 O-O 10. a3 d5 11. c5 Nc4 12. Bxc4 dxc4 13. O-O Bf5 14. Re1 Re8 15. b3 {1-0 (27) Shirov,A (2641)-Sveshnikov,V (2367) Riga 2018}) 8. Nbc3 Nxd3+ 9. Qxd3 Be7 10. O-O O-O 11. Be3 g6 12. b3 Bf6 13. Rad1 Bf5 $146 ({Find the theoretical novelty and annotate with similar games:} 13... Bg7 14. Ng3 f5 15. f4 c6 16. d5 c5 17. a3 Nd7 18. Rfe1 {0-1 (36) Nguyen,D (2032)-Trombik,K (2143) Frydek Mistek 2009}) 14. Qd2 d5 15. c5 Nc8 16. Ng3 Ne7 17. Bg5 Bxg5 18. Qxg5 f6 19. Qd2 Qd7 20. Rfe1 a6 21. Re3 Nc6 22. Rde1 g5 23. Nxf5 Qxf5 24. Re6 Rad8 25. Qe3 Rf7 26. f3 (26. Ne2 $11) 26... Ne5 $1 27. Rxe5 fxe5 28. Qxe5 h6 29. h3 Qxe5 30. Rxe5 c6 31. Kf2 Rdd7 32. b4 {[%emt 1:30:01] [#]} a5 $1 33. b5 cxb5 ({Better is} 33... Rfe7 $15 34. Rxe7 Rxe7) 34. Nxb5 Rfe7 35. Rf5 $1 Kg7 36. Nd6 Re6 37. Rxd5 Kg6 {[%emt 1:01:03] [#]} 38. g4 ({White should try} 38. g3 $1 $16) 38... b6 39. Rf5 bxc5 40. dxc5 Kg7 41. Rd5 Kg6 42. Rf5 a4 43. a3 ({White should play} 43. Rd5 $11) 43... Rde7 44. Rd5 Re2+ 45. Kg3 $17 Ra2 46. Ne4 Rxa3 47. c6 Rxe4 0-1

[Event "Kathmandu Open 2018"]
[Site "Kathmandu"]
[Date "2018.04.16"]
[Round "8"]
[White "Neelash Saha"]
[Black "Navalgund, Niranjan"]
[Result "1-0"]
[ECO "E01"]
[WhiteElo "2212"]
[BlackElo "2286"]
[Annotator "RC"]
[PlyCount "119"]
[EventDate "2018.??.??"]
[EventType "swiss"]
[EventCountry "NEP"]
[SourceTitle "playchess.com"]
[Source "ChessBase"]
[SourceQuality "1"]
[TimeControl "5400+30"]

1. d4 Nf6 2. c4 e6 3. g3 d5 4. Nf3 Bb4+ 5. Bd2 Be7 6. Bg2 O-O 7. O-O c6 8. Qc2 b6 9. a4 a5 10. cxd5 cxd5 11. Rc1 Na6 12. Na3 Bb7 13. Qb3 Ne4 14. Be1 Nb4 15. Nb5 Rc8 16. Ne5 Nf6 17. Bd2 Ne4 18. Rxc8 Qxc8 19. Bf4 g5 20. Rc1 Qd8 21. Be3 Nd6 22. Bd2 Nxb5 23. axb5 Qd6 24. h4 f6 25. Bxb4 axb4 26. Nc6 gxh4 27. gxh4 Rc8 28. Nxe7+ Qxe7 29. Qg3+ Kf7 30. Ra1 Ra8 31. Rxa8 Bxa8 32. Qb8 Bb7 33. Bh3 e5 34. Bf5 Kg7 35. e3 Kh6 36. Kg2 Qg7+ 37. Kh3 Qe7 38. Qg8 b3 39. Qh8 exd4 40. exd4 Qg7 41. Qxg7+ Kxg7 42. Kg4 Kh6 43. Bd7 Kg6 44. Kf4 Kh5 45. Bc6 Bc8 46. Bxd5 Kxh4 47. Bc6 Kh3 48. d5 Kg2 49. Ke3 Kf1 50. d6 f5 51. d7 f4+ 52. Kxf4 Bxd7 53. Bxd7 Kxf2 54. Be6 Ke2 55. Bxb3 Kd2 56. Ke5 Kc1 57. Kd6 Kxb2 58. Bf7 Kc3 59. Kc6 Kb4 60. Kxb6 1-0

[Event "Kathmandu Open 2018"]
[Site "Kathmandu"]
[Date "2018.04.16"]
[Round "8"]
[White "Jaiswal, Rupesh"]
[Black "Patil, Pratik"]
[Result "1/2-1/2"]
[ECO "A48"]
[WhiteElo "2121"]
[BlackElo "2258"]
[Annotator "ChessBase"]
[PlyCount "56"]
[EventDate "2018.??.??"]
[EventType "swiss"]
[EventCountry "NEP"]
[SourceTitle "playchess.com"]
[Source "ChessBase"]
[SourceQuality "1"]
[TimeControl "5400+30"]

1. d4 Nf6 2. Nf3 g6 3. Bf4 Bg7 4. e3 O-O 5. Be2 d5 6. O-O c5 7. c3 b6 8. Nbd2 Bb7 9. h3 Nc6 10. Ne5 Nd7 11. Nxd7 Qxd7 12. Nf3 Rfe8 13. Bb5 a6 14. Ne5 Qc8 15. Bxc6 Bxc6 16. Qb3 Bb5 17. Rfd1 c4 18. Qc2 f6 19. Nf3 e5 20. Bg3 e4 21. Nd2 Ra7 22. a4 Bc6 23. b3 Qe6 24. bxc4 dxc4 25. Rdb1 Rb7 26. Qd1 f5 27. Qe2 b5 28. axb5 axb5 {-error} 1/2-1/2

[Event "Kathmandu Open 2018"]
[Site "Kathmandu"]
[Date "2018.04.16"]
[Round "8"]
[White "Prudhvi Kumar V"]
[Black "Gajwa Ankit"]
[Result "0-1"]
[ECO "E68"]
[WhiteElo "1836"]
[BlackElo "2292"]
[Annotator "NA RC"]
[PlyCount "64"]
[EventDate "2018.??.??"]
[EventType "swiss"]
[EventCountry "NEP"]
[SourceTitle "playchess.com"]
[Source "ChessBase"]
[SourceQuality "1"]
[TimeControl "5400+30"]

1. Nf3 Nf6 2. c4 g6 3. g3 Bg7 4. Bg2 O-O 5. d4 d6 6. O-O Nbd7 7. Nc3 e5 8. e4 c6 9. b3 exd4 10. Nxd4 Re8 11. Re1 Nc5 12. h3 a5 13. Bf4 Nh5 14. Be3 Nf6 15. Qc2 Qb6 16. Rad1 Bf8 17. Nde2 Nfd7 18. f4 Qc7 19. Bf2 h5 20. Nd4 Nf6 21. Nf3 b6 22. Bxc5 bxc5 23. e5 Bf5 24. Qf2 dxe5 25. Nxe5 Re6 26. Qf3 Rae8 27. Kf1 Qc8 28. Nxc6 Bxh3 29. Rxe6 Qxe6 30. Bxh3 Qxh3+ 31. Qg2 Qf5 32. Ne5 Rxe5 0-1

[Event "Kathmandu Open 2018"]
[Site "Kathmandu"]
[Date "2018.04.17"]
[Round "9"]
[White "L'Ami, Alina"]
[Black "Suvradeepta, Das"]
[Result "1-0"]
[ECO "A56"]
[WhiteElo "2316"]
[BlackElo "1986"]
[Annotator "ChessBase"]
[PlyCount "69"]
[EventDate "2018.??.??"]
[EventType "swiss"]
[EventCountry "NEP"]
[SourceTitle "playchess.com"]
[Source "ChessBase"]
[SourceQuality "1"]
[TimeControl "5400+30"]

1. d4 Nf6 2. c4 c5 3. d5 g6 4. Nc3 Bg7 5. e4 d6 6. h3 O-O 7. Bd3 e5 8. Nge2 Nbd7 9. g4 Rb8 10. Ng3 Ne8 11. h4 Nc7 12. Be3 Nf6 13. f3 Bd7 14. a4 a6 15. a5 b5 16. axb6 Rxb6 17. b3 a5 18. Bc2 Na6 19. Qd2 Nb4 20. Bd1 Ne8 21. Rxa5 f5 22. Bg5 Bf6 23. gxf5 gxf5 24. Nxf5 Bxf5 25. exf5 Bxg5 26. Qxg5+ Qxg5 27. hxg5 Rxf5 28. Ra8 Rf8 29. Ne4 Kg7 30. Ra7+ Rf7 31. Rxh7+ Kxh7 32. Rxf7+ Kg6 33. Rf8 Nc7 34. Rf6+ Kg7 35. Nxd6 1-0